 Dungeon Crawl Stone Soup version 0.31-a0-217-g58bb5d79cf (webtiles) character file.

Game seed: 14807450350894468675

53 qw the Shooter (level 3, -3/29 HPs)
             Began as a Minotaur Hexslinger on July 2, 2023.
             Slain by Robin
             ... wielding a +0 trident
              (6 damage)
             ... on level 2 of the Dungeon.
             The game lasted 00:00:23 (701 turns).

qw the Shooter (Minotaur Hexslinger)                 Turns: 701, Time: 00:00:24

Health: -3/29      AC:  2    Str: 12    XL:     3   Next: 64%
Magic:  3/3        EV: 12    Int: 10    God:
Gold:   37         SH:  0    Dex: 14    Spells: 3/4 levels left

rFire   . . .        Y - +2 sling
rCold   . . .        (no shield)
rNeg    . . .        c - +0 robe
rPois   .            (helmet restricted)
rElec   .            (no cloak)
rCorr   +            (no gloves)
SInv    .            (no boots)
Will    .....        (no amulet)
Stlth   +            j - ring of resist corrosion
HPRegen 0.24/turn    (no ring)
MPRegen 0.08/turn

%: no passive effects
@: no status effects
A: horns 2, retaliatory headbutt
a: no special abilities


You were on level 2 of the Dungeon.
You visited 1 branch of the dungeon, and saw 2 of its levels.

You collected 37 gold pieces.


Innate Abilities, Weirdness & Mutations

You have a pair of horns on your head.
You reflexively headbutt those who attack you in melee.


   Skills:
 - Level 2.0 Fighting
 + Level 4.2 Ranged Weapons
 - Level 2.1 Dodging
 - Level 1.0 Spellcasting
 - Level 2.0 Hexes


You had 3 spell levels left.
You knew the following spells:

 Your Spells              Type           Power      Damage    Failure   Level
a - Slow                  Hex            16%        N/A       16%         1

Your spell library contained the following spells:

 Spells                   Type           Power      Damage    Failure   Level
 Inner Flame              Hex/Fire       2%         N/A       56%         3
 Portal Projectile        Hex/Tloc       4%         N/A       56%         3
 Cause Fear               Hex            2%         N/A       83%         4

Inventory:

Hand Weapons
 Y - a +2 sling (weapon)
Armour
 a - a +0 leather armour
 c - a +0 robe (worn)
Jewellery
 j - a ring of resist corrosion (left hand)
Potions
 d - a potion of curing {unknown}
 g - a potion of degeneration {unknown}
 i - a potion of might {unknown}
 l - a potion of mutation {unknown}
 m - a potion of berserk rage {unknown}

Dungeon Overview and Level Annotations

Branches:
Dungeon (2/15)

Altars:

Annotations:
D:2 Jessica, Robin


Message History

The goblin shouts!
The sling bullet hits the goblin.
You kill the goblin!
The goblin hits you with a +0 club.
693 ||| Stepping ~*~*~tactically~*~*~ (outnumbered).
The goblin attacks as you move away! The goblin barely misses you.
You shoot a sling bullet. The sling bullet hits the goblin.
You kill the goblin!
The goblin hits you with a +0 club.
You shoot a sling bullet. The sling bullet misses the goblin.
The goblin closely misses you.
You shoot a sling bullet.
The sling bullet closely misses the goblin.
The goblin hits you with a +0 club.
You shoot a sling bullet. The sling bullet misses the goblin.
The goblin hits you with a +0 dagger. x2; The goblin closely misses you.
The goblin completely misses you. You furiously retaliate!
You headbutt the goblin.
You kill the goblin!
Robin throws the goblin at you! The goblin hits you but does no damage.
The goblin closely misses you. The goblin hits you with a +0 club.
You shoot a sling bullet.
The sling bullet closely misses Jessica.
Jessica gestures wildly while chanting.
Jessica blinks!
The goblin hits you with a +0 dagger.
The goblin barely misses you. x2; You furiously retaliate!
You headbutt the goblin!
You kill the goblin!
You shoot a sling bullet. The sling bullet hits the goblin!
You kill the goblin!
The goblin hits you with a +0 club.
Robin flexes a bicep menacingly.
Robin throws the goblin at you!
You shoot a sling bullet. The sling bullet hits the goblin.
You kill the goblin!
Robin hits you from afar with a +0 trident.
You shoot a sling bullet. The sling bullet hits Robin.
Robin is moderately wounded.
Robin hits you from afar with a +0 trident.
You die...

##..>......###..
##......%.....
####..####.###.
#.......# .#
#.......# .#
#.......# ..
#.......#
#...))..#
#.....@)#
#......)#
####..g)#
#.....)....
#...@....g..
#...........
#........#..
##.....##.#.
##.$... ##


You could see Robin and Jessica.

Vanquished Creatures
  A dart slug (D:2)
  3 ball pythons (D:1)
  2 bats (D:1)
  3 endoplasms
  2 giant cockroaches (D:1)
  17 goblins
  2 hobgoblins (D:1)
  3 jackals (D:2)
  2 quokkas (D:1)
  5 frilled lizards (D:1)
  2 kobolds (D:1)
  A rat (D:1)
43 creatures vanquished.

Notes
Turn   | Place    | Note
-------+----------+-------------------------------------------
     0 | D:1      | qw the Minotaur Hexslinger began the quest for the Orb.
     0 | D:1      | Reached XP level 1. HP: 16/16 MP: 1/1
     0 | D:1      | 0 ||| qw: Version: 0.3-a-40-ge99b1a8
     0 | D:1      | 0 ||| qw: Game counter: 113
     0 | D:1      | 0 ||| qw: Melee chars always use a shield: true
     0 | D:1      | 0 ||| qw: God list: Okawaru
     0 | D:1      | 0 ||| qw: Allow faded altars: false
     0 | D:1      | 0 ||| qw: Do Orc after clearing Dungeon:15 true
     0 | D:1      | 0 ||| qw: Do second Lair branch before Depths: true
     0 | D:1      | 0 ||| qw: Lair rune preference: random
     0 | D:1      | 0 ||| qw: Goals: Normal
     0 | D:1      | 0 ||| PLANNING D:1-11
    77 | D:1      | 77 ||| FLEEEEING.
    78 | D:1      | 78 ||| FLEEEEING.
   120 | D:1      | Reached skill level 3 in Ranged Weapons
   120 | D:1      | Reached XP level 2. HP: 23/23 MP: 2/2
   449 | D:1      | Reached XP level 3. HP: 29/29 MP: 3/3
   620 | D:1      | 620 ||| UPGRADING to ring of resist corrosion.
   621 | D:1      | 621 ||| READING scroll labelled VELEUM DEUFOMM.
   631 | D:1      | 631 ||| READING scroll labelled WORRAR TAOMOAM.
   632 | D:1      | 632 ||| READING scroll labelled RINEMA FULI.
   633 | D:1      | 633 ||| READING scroll labelled WUTTUY VEGEON.
   634 | D:1      | 634 ||| DROPPING scroll of poison.
   680 | D:2      | Reached skill level 4 in Ranged Weapons
   689 | D:2      | Noticed Robin
   690 | D:2      | Noticed Jessica
   691 | D:2      | 691 ||| Stepping ~*~*~tactically~*~*~ (outnumbered).
   693 | D:2      | 693 ||| Stepping ~*~*~tactically~*~*~ (outnumbered).
   697 | D:2      | HP: 7/29 [goblin/+0 club[Robin] (3)]
   700 | D:2      | HP: 3/29 [Robin/+0 trident (2)]
   701 | D:2      | Slain by Robin

Levels and vault maps discovered:
D:1:      erik_arrival_orb_chamber, layout_basic
D:2:      layout_loops_ring, uniq_jessica, uniq_robin

Skill      XL: |  1  2  3 |
---------------+----------+-----
Ranged Weapons | 3 4 |  4.2
Fighting       | 2 |  2.0
Dodging        | |  2.1
Spellcasting   | |  1.0
Hexes          | |  2.0

Action                     || total
---------------------------++-------
   Fire: Sling             ||   100
    Use: Scroll            ||     4
 Armour: Robe              ||    13
  Dodge: Dodged            ||    24

Table legend:
 A = Non-vault XP
 B = Vault XP
 C = Vault XP percentage of total XP
 D = Non-vault monster count
 E = Vault monster count
 F = Vault count percentage of total count
                 A         B        C        D         E       F
            +---------+---------+-------+---------+---------+-------
      Total |      57 |      20 |  26.0 |      32 |      11 |  25.6
            +---------+---------+-------+---------+---------+-------
        D:1 |      43 |       0 |   0.0 |      26 |       0 |   0.0
        D:2 |      14 |      20 |  58.8 |       6 |      11 |  64.7
            +---------+---------+-------+---------+---------+-------
